 Dungeon Crawl Stone Soup version 0.24-b1 (webtiles) character file.

Game seed: 6640261625874879292, levelgen mode: deterministic

53 Arixos the Charmwright (level 3, 0/18 HPs)
             Began as a Vine Stalker Skald on Oct 13, 2019.
             Succumbed to an adder's poison
             ... on level 1 of the Dungeon.
             The game lasted 00:03:27 (1103 turns).

Arixos the Charmwright (Vine Stalker Skald)         Turns: 1103, Time: 00:03:27

Health: 0/18       AC:  3    Str: 14    XL:     3   Next: 87%
Magic:  4/7        EV: 12    Int: 13    God:
Gold:   51         SH:  0    Dex: 13    Spells: 3/6 levels left

rFire    . . .     SeeInvis .   a - +0 falchion
rCold    . . .     Gourm    .   (no shield)
rNeg     . . .     Faith    .   b - +0 leather armour
rPois    .         Spirit   +   (no helmet)
rElec    .         Reflect  .   (no cloak)
rCorr    .         Harm     .   (no gloves)
MR       .....                  (no boots)
Stlth    ++........             (no amulet)
HPRegen  0.06/turn              (no ring)
MPRegen  0.10/turn              (no ring)

@: lethally poisoned (0 -> -10)
A: fangs 2, magic shield, antimagic bite, no potion heal 3, rot immunity
a: no special abilities


You were on level 1 of the Dungeon.
You were not hungry.

You visited 1 branch of the dungeon, and saw 2 of its levels.

You collected 51 gold pieces.

Inventory:

Hand Weapons
 a - a +0 falchion (weapon)
Armour
 b - a +0 leather armour (worn)
Scrolls
 e - 2 scrolls of identify {unknown}
 i - a scroll of random uselessness {unknown}
Potions
 f - a potion of invisibility {unknown}
 g - a potion of resistance {unknown}
 h - a potion of degeneration {unknown}
Comestibles
 c - 3 chunks of flesh
 d - a ration


   Skills:
 + Level 2.1 Fighting
 + Level 2.1 Long Blades
 + Level 1.1 Armour
 + Level 1.8 Dodging
 + Level 1.5 Stealth
 + Level 2.4 Spellcasting
 + Level 3.2 Charms
 + Level 0.6 Translocations


You had 3 spell levels left.
You knew the following spells:

 Your Spells              Type           Power        Failure   Level  Hunger
a - Infusion              Chrm           ##..         8%          1    #......
s - Shroud of Golubria    Chrm/Tloc      #.....       21%         2    ###....

Your spell library contained the following spells:

 Spells                   Type           Power        Failure   Level  Hunger
 Song of Slaying          Chrm           ##......     12%         2    ###....
 Regeneration             Chrm/Necr      #.........   43%         3    ###....
 Spectral Weapon          Hex/Chrm       #.......     43%         3    ###....


Dungeon Overview and Level Annotations

Branches:
Dungeon (2/15)

Altars:

Annotations:
D:2 Sigmund


Innate Abilities, Weirdness & Mutations

You have extremely sharp teeth.
When hurt, damage is shared between your health and your magic reserves.
Your bite disrupts and absorbs the magic of your enemies.
Potions cannot restore your health.
You are immune to rotting.


Message History

* * * LOW HITPOINT WARNING * * *
Your shroud falls apart!
You closely miss the adder. Your bite misses the adder.
The adder is heavily wounded.
The adder bites you.
* * * LOW HITPOINT WARNING * * *
You are more poisoned.
The adder poisons you! The adder misses you.
You hit the adder but do no damage.
The adder is heavily wounded.
* * * LOW HITPOINT WARNING * * *
You feel sick. The adder bites you but does no damage.
You hit the adder. Your bite misses the adder.
The adder is almost dead.
The adder closely misses you.
You riposte.
You barely miss the adder.
The adder is almost dead.
The adder closely misses you.
You closely miss the adder. Your bite misses the adder.
The adder is almost dead.
You die...

####.#.##........#.###.#.#
#.#....#.#..........#.#
#.####.#.##..##.#####.#
#.####.#........# #.#
#.......###..########.########
#.####### #..#.........(((....
#.# #..##.#####.######## #.#
#.S...#####.# #.#
#..@........# #.#
#.########### ### ###


You could see an adder.

Vanquished Creatures
  3 oozes (D:1)
  A dart slug (D:1)
  3 leopard geckos (D:1)
  A ball python (D:1)
  4 bats (D:1)
  4 goblins (D:1)
  4 hobgoblins (D:1)
  2 jackals (D:1)
  4 kobolds (D:1)
  3 frilled lizards (D:1)
  3 rats (D:1)
32 creatures vanquished.

Notes
Turn   | Place    | Note
-------+----------+-------------------------------------------
     0 | D:1      | Arixos the Vine Stalker Skald began the quest for the Orb.
     0 | D:1      | Reached XP level 1. HP: 11/11 MP: 4/4
    17 | D:1      | Reached XP level 2. HP: 14/15 MP: 6/6
    21 | D:1      | Learned a level 2 spell: Shroud of Golubria
   280 | D:1      | Reached skill level 1 in Armour
   342 | D:1      | Reached XP level 3. HP: 10/18 MP: 7/7
   428 | D:1      | Reached skill level 1 in Stealth
  1080 | D:2      | Noticed Sigmund
  1103 | D:1      | Succumbed to an adder's poison

Skill      XL: |  1  2  3 |
---------------+----------+-----
Fighting       | 2 |  2.1
Armour         | 1 |  1.1
Long Blades    | 2 |  2.1
Stealth        | 1 |  1.5
Dodging        | |  1.8
Spellcasting   | |  2.4
Charms         | |  3.2
Translocations | |  0.6

Action                   || total
-------------------------++-------
Melee: Falchion          ||   116
       Bite              ||    33
 Cast: Shroud of Golubri ||     5
 Stab: Sleeping          ||     4
  Eat: Chunk             ||     1
Armor: Leather armour    ||    33
Dodge: Dodged            ||    78
       Rpst.: Falchion   ||    28
